 Dungeon Crawl Stone Soup version 0.30.1-11-g7821555f0a (webtiles) character file.

Game seed: 6537862971382266654

77 Okkudo the Chopper (level 4, -2/39 HPs)
             Began as a Hill Orc Monk on Dec 3, 2023.
             Slain by a gnoll
             ... wielding a +0 halberd
              (6 damage)
             ... on level 2 of the Dungeon.
             The game lasted 00:04:49 (1614 turns).

Okkudo the Chopper (Hill Orc Monk)                  Turns: 1614, Time: 00:04:50

Health: -2/39      AC:  8    Str: 15    XL:     4   Next: 34%
Magic:  4/4        EV:  5    Int: 10    God:
Gold:   65         SH:  7    Dex: 13    Spells: 3/3 levels left

rFire   . . .        a - +0 hand axe
rCold   + . .        h - +0 kite shield
rNeg    . . .        e - +0 chain mail
rPois   .            (no helmet)
rElec   .            (no cloak)
rCorr   .            (no gloves)
SInv    .            (no boots)
Will    .....        (no amulet) Stlth
                     d - ring of protection from cold
HPRegen 0.26/turn    (no ring)
MPRegen 0.09/turn

%: no passive effects
@: no status effects
A: no striking features
a: no special abilities


You were on level 2 of the Dungeon.
You visited 1 branch of the dungeon, and saw 3 of its levels.

You collected 65 gold pieces.

Inventory:

Hand Weapons
 a - a +0 hand axe (weapon)
Missiles
 g - a poisoned dart (quivered)
Armour
 e - a +0 chain mail (worn)
 h - a +0 kite shield (worn)
Jewellery
 d - a ring of protection from cold (left hand)
Scrolls
 b - a scroll of fog {unknown}
 f - a scroll of fear {unknown}
 j - 2 scrolls of blinking {unknown}
 k - a scroll of identify {unknown}
 l - a scroll of poison {unknown}
Potions
 c - 2 potions of ambrosia
 i - a potion of resistance {unknown}


   Skills:
 - Level 3.6 Fighting
 * Level 6.3 Axes
 - Level 2.4 Dodging
 + Level 1.4 Shields


You had 3 spell levels left.
You didn't know any spells.
Your spell library contained the following spells:

 Spells                   Type           Power      Damage    Failure   Level
 Apportation              Tloc           0%         N/A       100%        1
 Necrotise                Necr           0%         1d4       100%        1
 Summon Small Mammal      Summ           0%         N/A       100%        1
 Conjure Ball Lightning   Conj/Air       0%         3x3d6     100%        6
 Discord                  Hex            0%         N/A       100%        8
 Disjunction              Tloc           0%         N/A       100%        8


Dungeon Overview and Level Annotations

Branches:
Dungeon (3/15)

Altars:

Shops:
D:1 !


Message History

The gnoll barely misses you. The gnoll hits you with a +0 whip.
The gnoll completely misses you. The gnoll barely misses you.
You hit the gnoll.
The gnoll is severely wounded.
You hit the gnoll but do no damage. You hit the gnoll.
You barely miss the gnoll.
The gnoll hits you but does no damage. x3
The gnoll hits you with a +0 halberd.
You barely miss the gnoll.
The gnoll is severely wounded.
You hit the gnoll but do no damage. You hit the gnoll.
You closely miss the gnoll.
The gnoll looks more healthy.
The gnoll hits you but does no damage. The gnoll barely misses you.
The gnoll hits you but does no damage. The gnoll hits you with a +0 halberd.
You closely miss the gnoll.
The gnoll is severely wounded.
You barely miss the gnoll. You completely miss the gnoll.
You hit the gnoll but do no damage. The gnoll hits you with a +0 spear.
The gnoll barely misses you. The gnoll hits you but does no damage.
The gnoll barely misses you. You block the gnoll's attack.
The gnoll hits you with a +0 whip. You block the gnoll's attack.
The gnoll hits you but does no damage.
You hit the gnoll.
You kill the gnoll!
You hit the gnoll but do no damage. x2; You closely miss the gnoll.
The gnoll hits you with a +0 whip. The gnoll hits you with a +0 halberd.
The gnoll hits you with a +0 spear. The gnoll attacks as you move away!
The gnoll hits you with a +0 spear.
* * * LOW HITPOINT WARNING * * *
You block the gnoll's attack.
You see here a +0 halberd.
There is a stone staircase leading up here.
The gnoll hits you from afar with a +0 spear.
* * * LOW HITPOINT WARNING * * *
You block the gnoll's attack. The gnoll hits you with a +0 halberd.
* * * LOW HITPOINT WARNING * * *
You climb upwards.
There is a stone staircase leading down here.
The gnoll attacks as you move away! You block the gnoll's attack.
The gnoll hits you from afar with a +0 halberd.
You die...

#..................###
##................###
###..........[....#
...#.............#######
.....####........#.....##
...#.####.#.............##
...#.....................#
...##..............[..)..#
...#..#.........@........#
.....##.....)....g.[.....#
.................g.......#
.#####.#.#...............#
.# #.#.##.............##
.# #.#.###.....#.....###
.### #.#.# ####.######...#
...###.#.# #.# ###...#
.#...#.#.# #.# ##.....#


You could see 2 gnolls.

Vanquished Creatures
  A gnoll (D:3)
  An adder (D:2)
  A worm (D:2)
  A dart slug (D:2)
  2 endoplasms (D:2)
  3 giant cockroaches
  5 goblins (D:2)
  5 hobgoblins
  7 kobolds
  A quokka (D:1)
  4 ball pythons
  9 bats
  3 frilled lizards
  7 rats
50 creatures vanquished.

Notes
Turn   | Place    | Note
-------+----------+-------------------------------------------
     0 | D:1      | Okkudo the Hill Orc Monk began the quest for the Orb.
     0 | D:1      | Reached XP level 1. HP: 19/19 MP: 1/1
   243 | D:1      | Reached XP level 2. HP: 26/26 MP: 2/2
   452 | D:1      | Found Garahuwk's Distillery.
   487 | D:1      | Reached skill level 5 in Axes
   981 | D:2      | Reached XP level 3. HP: 31/31 MP: 3/3
  1189 | D:2      | Reached skill level 1 in Shields
  1296 | D:2      | Reached skill level 6 in Axes
  1372 | D:2      | Reached XP level 4. HP: 35/39 MP: 4/4
  1614 | D:2      | Slain by a gnoll

Illustrated notes

Levels and vault maps discovered:
D:1:      saegor_arrival_simple_a, layout_basic, serial_shops, shop
D:2:      layout_rooms
D:3:      layout_basic, st_stairs_7, nicolae_concentric_dashed_squares_wild,
          chequers_mini_garden, uniq_grinder

Skill      XL: |  1  2  3 |
---------------+----------+-----
Axes           | 5 6 |  6.3
Shields        | 1 |  1.4
Fighting       | |  3.6
Dodging        | |  2.4

Action                     |  1- 3 |  4- 6 || total
---------------------------+-------+-------++-------
  Melee: Hand axe          |   147 |     9 ||   156
  Throw: Dart              |     4 |     1 ||     5
 Armour: Chain mail        |    79 |    11 ||    90
  Dodge: Dodged            |    46 |     8 ||    54
  Block: Kite shield       |    30 |     8 ||    38
